 Dungeon Crawl Stone Soup version 0.28-a0-101-g18048e5a82 (webtiles) character file.

Game seed: 16743895165964567585

30081 Sweetruy1997 the Cruncher (level 13, -3/91 HPs)
             Began as a Formicid Fighter on Aug 7, 2021.
             Was the Champion of Okawaru.
             Slain by a death yak (19 damage)
             ... on level 2 of the Lair of Beasts on Aug 11, 2021.
             The game lasted 00:50:24 (13836 turns).

Sweetruy1997 the Cruncher (Formicid Fighter)       Turns: 13836, Time: 00:50:25

Health: -3/91      AC: 12    Str: 21    XL:     13   Next: 86%
Magic:  16/22      EV: 15    Int: 16    God:    Okawaru [******]
Gold:   780        SH: 12    Dex: 16    Spells: 0/24 levels left

rFire   . . .      SeeInvis +   e - +4 quarterstaff (spect)
rCold   . . .      Faith    .   c - +0 kite shield
rNeg    . . .      Spirit   .   r - +4 ring mail of Peek-a-Boo {Int-2 Dex+5 Stlth+}
rPois   .          Reflect  .   (helmet unavailable)
rElec   .          Harm     .   (no cloak)
rCorr   .          Rampage  .   (no gloves)
Will    +....                   i - +1 pair of boots
Stlth   ++........              b - amulet of regeneration
HPRegen 1.25/turn               u - +6 ring of intelligence
MPRegen 0.18/turn               f - +4 ring of evasion

@: wereblooded
A: permanent stasis, dig shafts and tunnels, antennae 3, four strong arms
a: Dig, Shaft Self, Renounce Religion, Heroism, Finesse


You were on level 2 of the Lair of Beasts.
You worshipped Okawaru.
Okawaru was exalted by your worship.
You visited 4 branches of the dungeon, and saw 15 of its levels.

You collected 1014 gold pieces.
You spent 234 gold pieces at shops.

Inventory:

Hand Weapons
 e - a +4 spectral quarterstaff (weapon)
Missiles
 l - 11 boomerangs (quivered)
 y - 16 boomerangs of dispersal
 z - 2 throwing nets
 A - 12 silver boomerangs
 G - 5 silver javelins
Armour
 c - a +0 kite shield (worn)
 i - a +1 pair of boots (worn)
 p - a +1 scale mail of cold resistance
 r - the +4 ring mail of Peek-a-Boo (worn) {Int-2 Dex+5 Stlth+}
   (You found it on level 7 of the Dungeon)

   Int:       It affects your intelligence (-2).
   Dex:       It affects your dexterity (+5).
   Stlth:     It makes you more stealthy.
 D - a scarf of shadows
Jewellery
 b - an amulet of regeneration (around neck)
 f - a +4 ring of evasion (right hand)
 u - a +6 ring of intelligence (left hand)
 w - a ring of protection from fire
 E - a +6 ring of dexterity
Wands
 n - a wand of polymorph (13)
 s - a wand of paralysis (25)
 v - a wand of flame (38)
 B - a wand of iceblast (16)
 H - a wand of charming (8)
Scrolls
 o - 2 scrolls of fear
 t - 2 scrolls of magic mapping
 J - a scroll of acquirement {unknown}
Potions
 a - 9 potions of ambrosia
 d - 2 potions of might
 g - 3 potions of haste {unknown}
 h - 6 potions of curing
 j - a potion of attraction {unknown}
 k - 2 potions of brilliance
 m - a potion of flight {unknown}
 q - 5 potions of lignification
 x - 2 potions of resistance {unknown}
 F - 2 potions of mutation {unknown}
 I - a potion of berserk rage {unknown}
 K - a potion of heal wounds
Miscellaneous
 C - a phantom mirror


   Skills:
 - Level 5.0 Fighting
 - Level 3.0 Axes
 - Level 14.0 Staves
 + Level 10.4 Throwing
 - Level 4.0 Armour
 - Level 2.0 Dodging
 - Level 1.0 Stealth
 - Level 9.0 Shields
 - Level 6.0 Spellcasting
 - Level 1.0 Hexes
 - Level 1.0 Summonings
 - Level 4.0 Necromancy
 - Level 2.0 Translocations
 + Level 0.1 Transmutations
 - Level 9.1 Earth Magic
 - Level 1.0 Evocations


You couldn't memorise any spells.
You knew the following spells:

 Your Spells              Type           Power      Damage    Failure   Level
a - Sandblast             Erth           68%        2d15      1%          1
b - Passwall              Tmut/Erth      15%        N/A       4%          2
c - Lee's Rapid Deconstr  Erth           17%        3d11*     14%         5
d - Animate Dead          Necr           8%         N/A       38%         4
e - Corona                Hex            8%         N/A       14%         1
f - Slow                  Hex            8%         N/A       22%         2
g - Summon Forest         Summ/Tloc      4%         N/A       97%         5
h - Sublimation of Blood  Necr           8%         N/A       6%          2
i - Wereblood             Tmut           5%         N/A       30%         2

Your spell library contained the following spells:

 Spells                   Type           Power      Damage    Failure   Level
 Leda's Liquefaction      Hex/Erth       10%        N/A       26%         4
 Dazzling Flash           Conj/Hex       12%        N/A       47%         3
 Summon Mana Viper        Hex/Summ       8%         N/A       99%         5
 Shadow Creatures         Summ           N/A        N/A       100%        6
 Haunt                    Necr/Summ      6%         N/A       100%        7
 Summon Hydra             Summ           4%         N/A       100%        7
 Infestation              Necr           8%         N/A       100%        8


Dungeon Overview and Level Annotations

Branches:
Dungeon (11/15)            Temple (1/1) D:5            Lair (2/6) D:11
  Snake (0/4) Lair:2          Orc (1/2) D:10
  Swamp: Lair:2-4    Shoals: Lair:2-4

Altars:
Ashenzari
Cheibriados
Dithmenos
Elyvilon
Fedhas
Gozag
Hepliaklqana
Kikubaaqudgha
Makhleb
Nemelex Xobeh
Okawaru
Qazlal
Ru
Sif Muna
Trog
Uskayaw
Vehumet
Wu Jian
Xom
Yredelemnul
Zin
The Shining One

Shops:
D:2 [   D:6 **:=


Innate Abilities, Weirdness & Mutations

You cannot be hasted, slowed, berserked, paralysed or teleported.
You can dig through walls and to a lower floor.
You have a pair of large antennae on your head. (SInv)
Your four strong arms can wield two-handed weapons with a shield.


Message History

Your +4 spectral quarterstaff hits the death yak!
The death yak gores you but does no damage.
You block the death yak's attack. The death yak gores you.
* * * LOW HITPOINT WARNING * * *
Casting: Wereblood (dangerous; 32% risk of failure)
Confirm with . or Enter, or press ? or * to list all spells.
Your blood is freshly infused with primal strength!
The death yak gores you but does no damage.
The death yak barely misses you. The death yak gores you!!
* * * LOW HITPOINT WARNING * * *
The death yak completely misses you.
Number of times to repeat, then command key: You must enter the number of times for the command to repeat.
You hit the death yak.
The death yak is lightly wounded.
Your +4 spectral quarterstaff hits the death yak!
You barely miss the death yak.
Your +4 spectral quarterstaff hits the death yak!
You completely miss the death yak.
The death yak is moderately wounded.
Your +4 spectral quarterstaff hits the death yak!
You hit the death yak.
The death yak is heavily wounded.
Your +4 spectral quarterstaff hits the death yak.
You hit the death yak.
The death yak is severely wounded.
Your +4 spectral quarterstaff hits the death yak!
The death yak gores your +4 spectral quarterstaff but does no damage.
You sock the death yak!
The death yak is almost dead.
Your +4 spectral quarterstaff hits the death yak!
The death yak closely misses you.
You hit the death yak.
You feel a bit better.
You kill the death yak!
Okawaru accepts your kill.
You hit the death yak.
The death yak is lightly wounded.
Your +4 spectral quarterstaff hits the death yak!
The death yak gores you!!
You die...

...........<...##...
#..###........#####
#..###.......##
#[.....++...##........#
#......#P....'.......##
.......##...##.......+
.#..... #...##.......#
#...... #ยง...#.......#
##.....##(@###........#
........##Y###.........#
.......Y..YY.........#.#
........................
#..################ #


You could see 3 death yaks and a friendly +4 spectral quarterstaff (summoned,
wandering).

Vanquished Creatures
  A nameless horror (D:11)
  Harold (D:7)
  A boulder beetle (D:11)
  The ghost of pkoi the Grappler, a novice DrMo of Dithmenos (D:10)
  3 two-headed ogres
  2 death yaks (Lair:2)
  An orc high priest (Orc:1)
  Pikel (D:8)
  3 orc knights (Orc:1)
  2 orc sorcerers (Orc:1)
  An oklob plant (D:11)
  4 elephants (Lair:1)
  Joseph (D:8)
  A torpor snail (Lair:1)
  A cane toad (Lair:1)
  5 black mambas (Lair:2)
  An unseen horror (D:11)
  A freezing wraith (D:10)
  3 polar bears
  3 trolls
  Prince Ribbit (D:6)
  A queen bee (Lair:1)
  4 slime creatures (D:8)
  A shadow (D:11)
  4 wraiths (D:10)
  Sigmund (D:3)
  A vampire (D:11)
  A wyvern (D:7)
  32 yaks
  Eustachio (D:6)
  A steam dragon (D:9)
  4 wargs (Orc:1)
  7 water moccasins
  An acid dragon (D:9)
  A black bear (D:7)
  11 orc warriors
  An ice beast (D:6)
  A sky beast (D:8)
  2 necrophages (D:7)
  4 ogres
  3 phantoms
  3 centaurs
  A lemure (D:8)
  4 kobold brigands
  Blork the orc (D:6)
  A wyvern zombie (D:7)
  3 bullfrogs
  3 scorpions (D:6)
  37 killer bees
  13 wights
  3 jellies
  6 centaur zombies
  A hound (D:5)
  10 orc priests
  A bullfrog skeleton (D:6)
  2 gnoll shamans (D:7)
  3 iguanas
  9 orc wizards
  17 gnolls
  3 howler monkey zombies
  5 adders
  A howler monkey skeleton (D:5)
  2 shadow imps
  An ufetubus (D:4)
  A worm (D:2)
  A dart slug (D:5)
  33 orcs
  7 endoplasms
  3 giant cockroaches
  6 goblins
  11 hobgoblins
  10 jackals
  20 kobolds
  5 quokkas
  3 ball pythons
  10 bats
  3 frilled lizards
  5 rats
  A spectral hobgoblin (D:7)
369 creatures vanquished.

Vanquished Creatures (collateral kills)
  A water moccasin (Lair:2)
1 creature vanquished.

Vanquished Creatures (others)
  5 fungi (Lair:2)
  20 plants
25 creatures vanquished.

Grand Total: 395 creatures vanquished

Notes
Turn   | Place    | Note
-------+----------+-------------------------------------------
     0 | D:1      | Sweetruy1997 the Formicid Fighter began the quest for the
                  | Orb.
     0 | D:1      | Reached XP level 1. HP: 18/18 MP: 1/1
    39 | D:1      | Reached XP level 2. HP: 15/24 MP: 2/2
   174 | D:1      | Learned a level 1 spell: Sandblast
   667 | D:1      | Reached XP level 3. HP: 29/29 MP: 3/3
   866 | D:1      | Found a faded altar of an unknown god.
  1044 | D:2      | Found Dudunt's Antique Armour Shoppe.
  1170 | D:2      | Reached XP level 4. HP: 29/35 MP: 4/4
  1186 | D:2      | Learned a level 2 spell: Passwall
  1532 | D:3      | Noticed Sigmund
  1541 | D:3      | Killed Sigmund
  1542 | D:3      | Reached skill level 1 in Staves
  1542 | D:3      | Reached skill level 1 in Dodging
  1542 | D:3      | Reached skill level 5 in Shields
  1542 | D:3      | Reached XP level 5. HP: 42/42 MP: 5/5
  1542 | D:3      | Reached XP level 6. HP: 48/48 MP: 6/6
  1849 | D:3      | Reached skill level 1 in Stealth
  2224 | D:4      | Reached skill level 2 in Staves
  2669 | D:4      | Reached skill level 1 in Spellcasting
  2669 | D:4      | Reached skill level 1 in Earth Magic
  3051 | D:5      | Entered Level 5 of the Dungeon
  3145 | D:5      | Reached XP level 7. HP: 55/55 MP: 1/9
  3228 | D:5      | Learned a level 5 spell: Lee's Rapid Deconstruction
  3332 | D:2      | Bought a buckler for 117 gold pieces
  3537 | D:5      | Found a staircase to the Ecumenical Temple.
  3655 | Temple   | Entered the Ecumenical Temple
  3814 | Temple   | Became a worshipper of Warmaster Okawaru
  4289 | D:5      | Reached XP level 8. HP: 43/61 MP: 0/12
  4718 | D:6      | Reached skill level 3 in Staves
  4772 | D:6      | Reached * piety under Okawaru
  4793 | D:6      | Found Kacwiecvo's General Store.
  4804 | D:6      | Reached skill level 5 in Earth Magic
  4815 | D:6      | Bought a scroll of noise for 13 gold pieces
  4815 | D:6      | Bought a potion of lignification for 39 gold pieces
  4815 | D:6      | Bought a potion of curing for 39 gold pieces
  4879 | D:6      | Found Umis's Assorted Antiques.
  4879 | D:6      | Noticed Prince Ribbit
  4879 | D:6      | Noticed Blork the orc
  4888 | D:6      | Killed Blork the orc
  4896 | D:6      | Killed Prince Ribbit
  4897 | D:6      | Reached skill level 5 in Spellcasting
  4897 | D:6      | Reached XP level 9. HP: 29/67 MP: 12/17
  4934 | D:6      | Bought a scroll labelled MAYCAE YS NAE for 26 gold pieces
  4985 | D:6      | Noticed Eustachio
  5008 | D:6      | Killed Eustachio
  5045 | D:6      | Found Feutaar's Book Shoppe.
  5061 | D:6      | Found Geuno's Jewellery Boutique.
  5121 | D:6      | Reached skill level 4 in Staves
  5465 | D:7      | Reached skill level 5 in Fighting
  5514 | D:7      | Reached ** piety under Okawaru
  5540 | D:7      | HP: 2/68 [gnoll (5)]
  5548 | D:7      | HP: 1/68 [gnoll (7)]
  5674 | D:7      | Reached skill level 5 in Staves
  6107 | D:7      | Noticed Harold
  6123 | D:7      | Killed Harold
  6123 | D:7      | Reached *** piety under Okawaru
  6124 | D:7      | Reached skill level 6 in Staves
  6124 | D:7      | Reached skill level 1 in Evocations
  6124 | D:7      | Reached XP level 10. HP: 58/74 MP: 19/19
  6140 | D:7      | Identified the +4 ring mail of Peek-a-Boo {Int-2 Dex+5
                  | Stlth+}
  6193 | D:7      | Found a hazy altar of Hepliaklqana.
  6217 | D:7      | Learned a level 4 spell: Animate Dead
  6343 | D:7      | Reached skill level 7 in Staves
  6436 | D:7      | Reached **** piety under Okawaru
  6870 | D:8      | Noticed Pikel
  6882 | D:8      | Killed Pikel
  7074 | D:8      | Got the Papyrus of Malediction
  7106 | D:8      | Upgraded the game from 0.28-a0-94-g325244837d to
                  | 0.28-a0-95-g65e1ffefe4
  7123 | D:8      | Reached skill level 8 in Staves
  7126 | D:8      | Reached ***** piety under Okawaru
  7293 | D:8      | Learned a level 1 spell: Corona
  7293 | D:8      | Noticed Joseph
  7310 | D:8      | Killed Joseph
  7311 | D:8      | Reached XP level 11. HP: 46/79 MP: 8/20
  7739 | D:9      | Noticed Maggie
  7743 | D:9      | Noticed Maggie
  7743 | D:9      | Maggie changed into Maggie the polar bear
  7768 | D:9      | Killed Maggie the polar bear
  7769 | D:9      | Reached skill level 9 in Staves
  8290 | D:9      | Noticed a two-headed ogre
  8298 | D:9      | Killed a two-headed ogre
  8299 | D:9      | Reached skill level 10 in Staves
  8299 | D:9      | Reached skill level 1 in Hexes
  8385 | D:9      | Found a blossoming altar of Fedhas.
  8435 | D:9      | Learned a level 2 spell: Slow
  8462 | D:9      | Found an ornate altar of the Wu Jian Council.
  8614 | D:9      | Found a hide-covered altar of Uskayaw.
  8697 | D:10     | Entered Level 10 of the Dungeon
  8697 | D:10     | Found a runed translucent gate.
  8697 | D:10     | Found a runed translucent gate.
  8697 | D:10     | Found a runed translucent gate.
  8697 | D:10     | Noticed pkoi's ghost (novice DrMo)
  8718 | D:10     | Reached skill level 1 in Necromancy
  8725 | D:10     | Received a gift from Okawaru
  8838 | D:10     | Learned a level 5 spell: Summon Forest
  8871 | D:10     | Found a staircase to the Orcish Mines.
  9197 | D:10     | Noticed a two-headed ogre
  9204 | D:10     | Killed a two-headed ogre
  9205 | D:10     | Reached skill level 11 in Staves
  9441 | D:10     | Killed pkoi's ghost
  9595 | Orc:1    | Entered Level 1 of the Orcish Mines
  9718 | Orc:1    | Noticed an orc knight
  9741 | Orc:1    | Reached skill level 12 in Staves
  9741 | Orc:1    | Reached XP level 12. HP: 86/86 MP: 8/21
  9866 | Orc:1    | Noticed an orc high priest
  9902 | Orc:1    | Killed an orc high priest
  9902 | Orc:1    | Received a gift from Okawaru
  9902 | Orc:1    | Reached ****** piety under Okawaru
 10041 | Orc:1    | Reached skill level 13 in Staves
 10374 | Orc:1    | Upgraded the game from 0.28-a0-95-g65e1ffefe4 to
                  | 0.28-a0-101-g18048e5a82
 10828 | D:11     | Noticed a boulder beetle
 10837 | D:11     | Killed a boulder beetle
 10838 | D:11     | Reached skill level 14 in Staves
 10838 | D:11     | Reached skill level 1 in Throwing
 10838 | D:11     | Reached skill level 1 in Summonings
 10859 | D:11     | Learned a level 2 spell: Sublimation of Blood
 10944 | D:11     | Found a staircase to the Lair.
 10976 | D:11     | Received a gift from Okawaru
 11345 | D:11     | Noticed a nameless horror
 11353 | D:11     | Killed a nameless horror
 11476 | D:11     | Noticed a two-headed ogre
 11483 | D:11     | Killed a two-headed ogre
 11484 | D:11     | Reached XP level 13. HP: 91/91 MP: 18/22
 11528 | D:11     | Learned a level 2 spell: Wereblood
 11659 | D:11     | Reached skill level 1 in Translocations
 11843 | Lair:1   | Entered Level 1 of the Lair of Beasts
 11939 | Lair:1   | Reached skill level 5 in Throwing
 13325 | Lair:2   | Received a gift from Okawaru
 13491 | Lair:2   | Received a gift from Okawaru
 13522 | Lair:2   | Found a staircase to the Snake Pit.
 13689 | Lair:2   | Reached skill level 10 in Throwing
 13823 | Lair:2   | HP: 2/91 [death yak (23)]
 13836 | Lair:2   | Slain by a death yak

Illustrated notes

Levels and vault maps discovered:
D:1:      co_arrival_square_in_a_square_in_a_square, layout_basic,
          dreamdust_ecumenical_altar_sealed_demon, minmay_misc_feat_iff
D:2:      layout_basic, serial_shops, shop, minmay_pentomino_p4
D:3:      layout_loops_cross, uniq_sigmund
D:4:      layout_gridville, minmay_misc_feat_ornament,
          kennysheep_generic_room_13
D:5:      layout_loops_ring, temple_doors_e
D:6:      layout_cave_pools, serial_shops, nicolae_shop_statue_plus,
          nicolae_take_the_stairs, nicolae_shop_behind_doors,
          nicolae_diamond_shop, uniq_blork_the_orc, uniq_eustachio,
          uniq_prince_ribbit1
D:7:      layout_basic, nicolae_hepliaklqana_monster_ancestors,
          minmay_unpleasant_kobolds, uniq_harold
D:8:      layout_cave_pools, minmay_misc_feat_columns, minmay_door_square,
          minmay_sticks_and_stones, uniq_pikel
D:9:      layout_long_grid, nicolae_uskayaw_suspiria, fedhas_altar_4,
          nicolae_wu_jian_wuxing_cycle, uniq_maggie
D:10:     layout_cave_pools, orc_0_dummy, gammafunk_ghost_spectres
D:11:     layout_long_grid, dpeg_oklobed_lair
Temple:   regret_index_temple_mists
Lair:1:   layout_roguey [special_room_bee]
Lair:2:   layout_regular_city, minmay_swamp_entry_worms,
          minmay_snake_entry_six_corridors, serial_bayou_crossing,
          serial_bayou_shore_b
Orc:1:    layout_caves

Skill      XL: |  1  2  3  4  5  6  7  8  9 10 11 12 13 |
---------------+----------------------------------------+-----
Shields        | 4 5 6 8 9 |  9.0
Axes           | 3 |  3.0
Fighting       | 4 5 |  5.0
Staves         | 1 2 3 6 8 12 14 | 14.0
Dodging        | 1 2 |  2.0
Armour         | 4 |  4.0
Stealth        | 1 |  1.0
Spellcasting   | 1 2 5 6 |  6.0
Earth Magic    | 1 3 5 8 9 |  9.1
Evocations     | 1 |  1.0
Hexes          | 1 |  1.0
Necromancy     | 1 4 |  4.0
Throwing       | 3 10 | 10.4
Summonings     | 1 |  1.0
Translocations | 2 |  2.0
Transmutations | |  0.1

Action                   |  1- 3 |  4- 6 |  7- 9 | 10-12 | 13-15 || total
-------------------------+-------+-------+-------+-------+-------++-------
Melee: War axe           |   105 |    13 |       |       |       ||   118
       Quarterstaff      |       |    65 |   137 |   326 |   317 ||   845
Throw: Boomerang         |       |       |       |     3 |    35 ||    38
 Cast: Sandblast         |       |    21 |    99 |   237 |    47 ||   404
       Passwall          |       |       |     1 |       |       ||     1
       Lee's Rapid Decon |       |       |       |    11 |    10 ||    21
       Corona            |       |       |       |     9 |    29 ||    38
       Slow              |       |       |       |     6 |       ||     6
       Animate Dead      |       |       |       |       |     3 ||     3
       Wereblood         |       |       |       |       |     2 ||     2
 Abil: Dig               |     2 |       |       |     3 |       ||     5
Evoke: Wand              |       |       |     6 |     3 |     1 ||    10
  Use: Scroll            |     3 |     2 |     4 |     8 |     2 ||    19
       Potion            |       |       |     5 |     2 |       ||     7
 Stab: Distracted        |       |       |     1 |     3 |     4 ||     8
Armor: Scale mail        |    10 |       |       |       |       ||    10
       Leather armour    |    35 |    22 |    28 |       |       ||    85
       Ring mail         |       |       |       |    68 |    51 ||   119
Dodge: Dodged            |    47 |    52 |    95 |   128 |   144 ||   466
Block: Kite shield       |    72 |    60 |    82 |   179 |   145 ||   538
       Buckler           |       |       |     5 |       |       ||     5

Table legend: (Time is in decaauts)
 A = Elapsed time spent in this place.
 B = Non-inter-level travel time spent in this place.
 C = Inter-level travel time spent in this place.
 D = Time resting spent in this place.
 E = Time spent auto-exploring this place.
 F = Levels seen in this place.
 G = Mean time per level.
                   A        B        C        D        E       F      G
               +--------+--------+--------+--------+--------+-----+--------+
         Total |  13780 |  12959 |    821 |   1509 |   8604 |  15 |  918.7 |
       Dungeon |  10640 |   9993 |    647 |    776 |   7168 |  11 |  967.3 |
        Temple |    215 |    169 |     46 |      0 |    145 |   1 |  215.0 |
          Lair |   1864 |   1812 |     52 |    443 |    893 |   2 |  932.0 |
  Orcish Mines |   1060 |    985 |     75 |    290 |    398 |   1 | 1060.0 |
               +--------+--------+--------+--------+--------+-----+--------+

Top non-repeatable levels by time:
     D:7: 1434 daAuts
  Lair:1: 1433 daAuts
     D:5: 1264 daAuts
   Orc:1: 1060 daAuts
     D:1: 1053 daAuts
    D:11: 1038 daAuts
     D:9: 997 daAuts
     D:4: 995 daAuts
    D:10: 957 daAuts
     D:8: 838 daAuts
     D:6: 788 daAuts
     D:3: 704 daAuts
     D:2: 568 daAuts
  Lair:2: 431 daAuts
  Temple: 215 daAuts
